 Dungeon Crawl Stone Soup version 0.16.2-12-gd0ad4c3 (webtiles) character file.

2709 faibistes the Basher (level 9, 0/89 HPs)
             Began as an Ogre Warper on Dec 8, 2017.
             Was an Initiate of the Shining One.
             Slain by a giant frog (5 damage)
             ... on level 7 of the Dungeon.
             The game lasted 00:35:38 (11649 turns).

faibistes the Basher (Ogre Warper)                 Turns: 11649, Time: 00:35:38

Health: 0/89       AC:  6    Str: 23    XL:     9   Next: 66%
Magic:  20/22      EV: 10    Int: 17    God:    the Shining One [......]
Gold:   402        SH:  0    Dex:  9    Spells: 6 memorised, 5 levels left

rFire  + . .     SeeInvis .     w - +1 giant club
rCold  + . .     Clarity  .     z - +2 robe {rC+ rF+}
rNeg   . . .     SustAb   .     (shield restricted)
rPois  .         Gourm    .     (helmet restricted)
rElec  .         Spirit   .     t - +0 cloak
rCorr  .         Warding  .     (gloves unavailable)
rMut   .         Stasis   .     (boots unavailable)
MR     .....                    (no amulet)
Stlth  +.........               (no ring)
                                u - +2 ring of intelligence

@: mighty, about to teleport, shrouded, not resistant to hostile enchantments,
very unstealthy
A: unfitting armour, tough skin 1
a: Renounce Religion


You were on level 7 of the Dungeon.
You worshipped the Shining One.
The Shining One was noncommittal.
You were not hungry.

You visited 2 branches of the dungeon, and saw 8 of its levels.
You also visited: Ossuary.

You collected 402 gold pieces.

Inventory:

Hand weapons
 w - a +1 giant club (weapon)
 I - a +1 flail of holy wrath
Missiles
 b - 5 tomahawks
 k - 157 stones (quivered)
 s - 3 silver javelins
Armour
 t - a +0 cloak (worn)
 z - a +2 robe of resistance (worn)
Jewellery
 g - a cursed amulet of guardian spirit
 u - a +2 ring of intelligence (left hand)
 E - the cursed ring of Incredulity {+/*Tele Str+4}
   (You found it on level 7 of the Dungeon)

   [ring of teleportation]

   It causes random teleportation, and can be evoked to teleport at will.
   It affects your strength (+4).
   It has a curse placed upon it.
Scrolls
 d - 3 scrolls of blinking
 n - 2 scrolls of enchant weapon
 B - 2 scrolls of remove curse
 G - a scroll of recharging
Potions
 a - 2 potions of brilliance {unknown}
 e - a potion of heal wounds {unknown}
 h - a potion of cancellation
 i - 2 potions of poison {unknown}
 m - a potion of haste {unknown}
 p - a potion of might
 r - a potion of berserk rage
 x - a potion of curing
Books
 c - a book of Spatial Translocations

   Spells                             Type                      Level
   a - Apportation                    Translocation                1
   b - Blink                          Translocation                2
   c - Shroud of Golubria             Charms/Translocation         2
   d - Portal Projectile              Translocation                3
   e - Teleport Other                 Translocation                3
   f - Passage of Golubria            Translocation                4
Comestibles
 f - 4 meat rations
 j - a bread ration
 v - a slice of pizza
 F - a beef jerky
 H - 3 chunks of flesh


   Skills:
 + Level 6.1 Fighting
 * Level 8.6 Maces & Flails
 * Level 6.0 Throwing
 + Level 1.7 Armour
 - Level 1.7 Dodging
 - Level 1.2 Stealth
 * Level 6.1 Spellcasting
 + Level 1.8 Charms
 * Level 4.5 Translocations
 * Level 2.5 Invocations
 * Level 1.0 Evocations


You had 5 spell levels left.
You knew the following spells:

 Your Spells              Type           Power        Failure   Level  Hunger
a - Apportation           Tloc           ###.......   1%          1    None
b - Teleport Other        Tloc           ###.....     8%          3    ##.....
c - Shroud of Golubria    Chrm/Tloc      ###.......   6%          2    None
d - Blink                 Tloc           N/A          2%          2    None
e - Portal Projectile     Tloc           ###...       8%          3    ##.....
f - Passage of Golubria   Tloc           N/A          21%         4    ####...


Dungeon Overview and Level Annotations

Branches:
Dungeon (7/15)             Temple (1/1) D:6

Altars:
Ashenzari
Cheibriados
Dithmenos
Elyvilon
Fedhas
Gozag
Kikubaaqudgha
Makhleb
Nemelex Xobeh
Okawaru
Qazlal
Ru
Sif Muna
Trog
Vehumet
Xom
Yredelemnul
Zin
The Shining One

Shops:
D:6 %


Innate Abilities, Weirdness & Mutations

You are too large for most types of armour.
You have tough skin (AC +1).


Message History

You feel strangely unstable.
Your surroundings suddenly seem different.
A giant frog comes into view.
The giant frog croaks.
Found 19 gold pieces and an onyx ring.
Found a stone staircase leading down.
A mummy comes into view.
Drink which item? (? for menu, Esc to quit)
You feel very mighty all of a sudden.
Casting: Shroud of Golubria
Confirm with . or Enter, or press ? or * to list all spells.
Space distorts slightly along a thin shroud covering your body.
A slave comes into view.
The giant frog hits you but does no damage.
You barely miss the giant frog.
The slave shouts!
The giant frog barely misses you. The giant frog closely misses you.
Read which item? (? for menu, Esc to quit)
As you read the scroll of teleportation, it crumbles to dust.
You feel strangely unstable. The giant frog hits you.
You die...

...# #......######
..$...## ######.......
........# #.......
.>p......########.......
#...............'.......
#...=....########.......
#...M.......# #.......
#......F....# #.......
#......@....# ########
#...........#
#...........#
######......# #......#
########


You could see a slave, a giant frog and a mummy.

Vanquished Creatures
  The ghost of faibistes the Cudgeler, an experienced OgWr of the Shining One (D:6)
  Edmund (D:7)
  Menkaure (D:7)
  A sky beast (D:5)
  A phantom (D:4)
  An ice beast (D:4)
  2 centaurs (D:6)
  2 ogres
  Duvessa (D:5)
  3 giant frogs
  Dowan (D:5)
  3 crimson imps
  2 goliath beetles (D:6)
  A giant frog skeleton (D:4)
  An orc priest (D:4)
  4 hounds
  An iguana (D:5)
  8 worker ants
  2 orc wizards
  The ghost of faibistes the Cudgeler, a weakling OgWr (D:3)
  9 big kobold zombies (Ossuary)
  Ijyb (D:5)
  A mummy (Ossuary)
  4 gnolls (D:6)
  A shadow imp (D:5)
  8 adders
  A giant mite (D:2)
  2 worms
  4 giant geckos
  An ooze (D:2)
  17 orcs
  A spectral bat (Ossuary)
  6 giant cockroaches
  13 hobgoblins
  4 jackals (D:3)
  14 kobolds
  3 quokkas
  4 ball pythons
  10 bats
  3 bat simulacra (Ossuary)
  A giant gecko skeleton (D:5)
  4 giant newts
  3 gnoll zombies (Ossuary)
  10 goblins
  2 goblin simulacra (Ossuary)
  5 goblin zombies (Ossuary)
  5 hobgoblin zombies (Ossuary)
  A jackal skeleton (D:4)
  2 kobold simulacra (Ossuary)
  4 kobold zombies (Ossuary)
  2 orc zombies (Ossuary)
  A quokka skeleton (D:5)
  18 rats
  5 rat simulacra (Ossuary)
  3 spectral goblins (Ossuary)
  2 spectral kobolds (Ossuary)
  4 spectral rats (Ossuary)
217 creatures vanquished.

Vanquished Creatures (others)
  A hobgoblin zombie (Ossuary)
  A kobold zombie (Ossuary)
2 creatures vanquished.

Grand Total: 219 creatures vanquished

Notes
Turn   | Place    | Note
--------------------------------------------------------------
     0 | D:1      | faibistes, the Ogre Warper, began the quest for the Orb.
     0 | D:1      | Reached XP level 1. HP: 22/22 MP: 3/3
   264 | D:1      | Reached XP level 2. HP: 29/29 MP: 5/5
   268 | D:1      | Learned a level 2 spell: Shroud of Golubria
   271 | D:1      | Learned a level 2 spell: Blink
   610 | D:1      | Reached skill level 3 in Maces & Flails
  1046 | D:1      | Reached XP level 3. HP: 34/36 MP: 3/6
  1899 | D:2      | Reached XP level 4. HP: 45/45 MP: 5/8
  1909 | D:2      | Learned a level 3 spell: Teleport Other
  2715 | D:4      | Reached XP level 5. HP: 34/53 MP: 9/11
  3092 | D:3      | Noticed faibistes' ghost (weakling OgWr)
  3105 | D:3      | Killed faibistes' ghost
  3105 | D:3      | Reached skill level 4 in Maces & Flails
  3252 | D:3      | Learned a level 3 spell: Portal Projectile
  3429 | D:3      | Found a white marble altar of Elyvilon.
  4053 | D:3      | Noticed an ogre
  4308 | D:3      | Killed an ogre
  4308 | D:3      | Reached XP level 6. HP: 62/62 MP: 10/13
  4485 | D:5      | Entered Level 5 of the Dungeon
  4486 | D:5      | Noticed Dowan
  4489 | D:5      | Noticed Duvessa
  5663 | D:4      | Reached skill level 5 in Maces & Flails
  5663 | D:4      | Reached skill level 1 in Stealth
  5663 | D:4      | Reached XP level 7. HP: 19/71 MP: 12/17
  6264 | D:4      | Reached skill level 1 in Charms
  6481 | D:5      | Killed Duvessa
  7062 | D:5      | Found an opulent altar of Gozag.
  7082 | D:5      | Killed Dowan
  7130 | D:6      | Found a sand-covered staircase.
  7139 | Ossuary  | Entered an ossuary
  7342 | Ossuary  | Reached skill level 6 in Maces & Flails
  7433 | Ossuary  | Reached XP level 8. HP: 76/79 MP: 15/18
  7924 | D:5      | Reached skill level 5 in Fighting
  7995 | D:5      | Found an iron altar of Okawaru.
  8012 | D:5      | Noticed Ijyb
  8026 | D:5      | Killed Ijyb
  8102 | D:5      | Reached skill level 7 in Maces & Flails
  8697 | D:5      | Reached skill level 5 in Throwing
  9173 | D:6      | Reached skill level 1 in Armour
  9229 | D:6      | Reached skill level 8 in Maces & Flails
  9229 | D:6      | Reached skill level 5 in Spellcasting
  9393 | D:6      | Found Qusiaffo's Food Boutique.
  9411 | D:6      | Found a staircase to the Ecumenical Temple.
  9421 | Temple   | Entered the Ecumenical Temple
  9466 | Temple   | Became a worshipper of the Shining One
  9533 | D:6      | Reached XP level 9. HP: 78/89 MP: 18/21
  9815 | D:6      | Noticed faibistes' ghost (experienced OgWr)
  9884 | D:6      | Killed faibistes' ghost
  9884 | D:6      | Reached skill level 1 in Invocations
 10233 | D:7      | Got an ancient glass ring
 10234 | D:7      | Identified the ring of Incredulity {+/*Tele Str+4} (You found it on level 7 of the Dungeon)
 10247 | D:6      | Learned a level 4 spell: Passage of Golubria
 10344 | D:6      | Found a blossoming altar of Fedhas.
 11057 | D:6      | Found a basalt altar of Yredelemnul.
 11060 | D:6      | Found a stormy altar of Qazlal.
 11063 | D:6      | Found a burning altar of Makhleb.
 11378 | D:7      | Noticed Edmund
 11397 | D:7      | Killed Edmund
 11464 | D:7      | Noticed Menkaure
 11470 | D:7      | Killed Menkaure
 11470 | D:7      | Reached skill level 1 in Evocations
 11639 | D:7      | HP: 3/89 [orc priest/divine providence (13)]
 11639 | D:7      | The Shining One protects you from harm!
 11649 | D:7      | Slain by a giant frog

Action                   |  1- 3 |  4- 6 |  7- 9 || total
-------------------------+-------+-------+-------++-------
Melee: Mace              |   119 |   139 |       ||   258
       Giant club        |       |   108 |   389 ||   497
Throw: Stone             |    29 |    60 |    29 ||   118
       Tomahawk          |     2 |     3 |    16 ||    21
       Javelin           |       |    20 |    15 ||    35
 Cast: Shroud of Golubri |     4 |    28 |    55 ||    87
       Blink             |       |     2 |     6 ||     8
  Use: Potion            |       |     1 |     4 ||     5
       Scroll            |       |     3 |    13 ||    16
 Stab: Sleeping          |       |     1 |     1 ||     2
  Eat: Chunk             |     3 |    13 |    11 ||    27
       Fruit             |       |     2 |       ||     2
       Bread ration      |       |       |     2 ||     2
       Beef jerky        |       |       |     1 ||     1
